cohdb
Replays
Latest Replays
All Replays
Popular Replays
Top Player Replays
Match Explorer
How It Works
Community
CoH3 Stats
Reddit
Sign in to upload your games and track your stats! →
Sign in with Steam
Match 38571371
Unlisted
Match 38571371
Overview
Messages
Build Orders
End
Panzergrenadier Squad
Selects Battlefield Espionage Battlegroup
Selects Sector Subterfuge Beacon
250 Light Carrier
Panzergrenadier Squad
Construct Light Support Kompanie
Combat Half-tracks
Fire Support Elements
MG34 Team
Flakvierling Half-track
Selects Plunder
Panzerpioneer Squad
Veteran Squad Leaders
Construct Panzerarmee Kommand
Vehicle Survival Package
Selects Disruption Operation
le.IG 18 Mechanized Group
Advanced Field Repairs
Panzer III L Medium Tank
Panzerpioneer Squad
Panzer III L Medium Tank
Tungsten Core Ammunition
Emergency Repair Kits
Panzergrenadier Squad
LEV-Detahaven
Tenshi
Felix
John Bigby
0
0
Comments
sign in to comment!
No comments posted yet!